 Dungeon Crawl Stone Soup version 0.28-a0-1159-g27aa881441 (webtiles) character file.

Game seed: 10787738383441030162

372 bande the Covered (level 6, 0/39 HPs)
             Began as a Gargoyle Fighter on Dec 16, 2021.
             Slain by a centaur zombie (4 damage)
             ... on level 6 of the Dungeon.
             The game lasted 00:09:10 (5140 turns).

bande the Covered (Gargoyle Fighter)                Turns: 5140, Time: 00:09:11

Health: 0/39       AC: 15    Str: 19    XL:     6   Next: 71%
Magic:  6/6        EV:  7    Int:  9    God:
Gold:   129        SH:  4    Dex: 11    Spells: 5/5 levels left

rFire   . . .      SeeInvis .   f - +2 hand axe (vorpal)
rCold   . . .      Faith    .   c - +0 buckler
rNeg    + . .      Spirit   .   e - +0 chain mail
rPois   ∞          Reflect  .   (no helmet)
rElec   +          Harm     .   (no cloak)
rCorr   .          Rampage  .   l - +0 pair of gloves
Will    .....                   (no boots)
Stlth   ..........              (no amulet)
HPRegen 0.13/turn               (no ring)
MPRegen 0.10/turn               (no ring)

@: mighty
A: sickness immunity, AC +4, negative energy resistance 1, electricity
resistance, torment resistance 1, petrification resistance
a: no special abilities


You were on level 6 of the Dungeon.
You visited 1 branch of the dungeon, and saw 5 of its levels.

You collected 129 gold pieces.

Inventory:

Hand Weapons
 a - a +0 war axe
 f - a +2 vorpal hand axe (weapon)
 i - a +0 morningstar
 m - a +0 war axe
Armour
 c - a +0 buckler (worn)
 e - a +0 chain mail (worn)
 l - a +0 pair of gloves (worn)
Wands
 g - a wand of charming (10)
 h - a wand of digging (5)
Scrolls
 j - 2 scrolls of identify
Potions
 b - a potion of flight
 k - a potion of haste


   Skills:
 + Level 4.3 Fighting
 + Level 4.0 Axes
 + Level 5.0 Armour
 + Level 3.8 Shields
 * Level 1.6 Evocations


You had 5 spell levels left.
You didn't know any spells.
Your spell library contained the following spells:

 Spells                   Type           Power      Damage    Failure   Level
 Sandblast                Erth           0%         2d4       99%         1
 Passwall                 Tmut/Erth      0%         N/A       100%        2
 Ozocubu's Armour         Ice            0%         N/A       100%        3
 Stone Arrow              Conj/Erth      0%         3d7       100%        3
 Ozocubu's Refrigeration  Ice            0%         4d5       100%        7


Dungeon Overview and Level Annotations

Branches:
Dungeon (4/15)
 Temple: D:4-7

Altars:
Elyvilon
Nemelex Xobeh

Shops:
D:2 [=   D:4 (


Innate Abilities, Weirdness & Mutations

You are immune to sickness and miasma.
Your stone body is resilient. (AC +4)
You are immune to poison.
You resist negative energy. (rN+)
You are resistant to electric shocks. (rElec)
You are resistant to unholy torment.
You are immune to petrification.


Message History

You hit the gnoll.
The gnoll hits you but does no damage. x3
Your Axes skill increases to level 4!
Your Armour skill increases to level 5!
The gnoll hits you with a +0 halberd. The gnoll hits you but does no damage.
You barely miss the gnoll.
The gnoll is heavily wounded.
You hit the centaur zombie. You hit the gnoll.
The centaur zombie closely misses you.
The centaur zombie kicks you but does no damage.
The gnoll hits you with a +0 halberd. The gnoll hits you but does no damage.
You hit the gnoll.
You kill the gnoll!
You closely miss the gnoll.
You hit the centaur zombie but do no damage.
The centaur zombie hits you but does no damage.
The centaur zombie kicks you but does no damage.
The centaur zombie hits you but does no damage.
The centaur zombie kicks you but does no damage.
The gnoll hits you with a +0 halberd!
You hit the gnoll.
The gnoll is severely wounded.
You hit the centaur zombie.
The centaur zombie hits you but does no damage.
The centaur zombie kicks you but does no damage.
The gnoll barely misses you.
You hit the gnoll but do no damage.
The gnoll is severely wounded.
You hit the centaur zombie but do no damage.
The centaur zombie barely misses you. You block the centaur zombie's attack.
The gnoll hits you with a +0 halberd!
* * * LOW HITPOINT WARNING * * *
The centaur zombie hits you but does no damage.
The centaur zombie kicks you but does no damage.
You feel very mighty all of a sudden.
The centaur zombie hits you but does no damage.
The centaur zombie kicks you but does no damage.
The gnoll hits you but does no damage.
You slash the gnoll!
You kill the gnoll!
You hit the centaur zombie. The centaur zombie hits you.
You die...

#.. # #...
##. #...#
.... #...#
....# ##...#
#.$.###...#
#...#..>#
###...Z.#
#.....)@#
#........)#
...........#
.#.......#..#
##......##...
##.....# #...
##..... ....
##.... ...


You could see a centaur zombie.

Vanquished Creatures
  2 scorpions
  An orc priest (D:3)
  An iguana (D:4)
  An orc wizard (D:2)
  A howler monkey zombie (D:4)
  4 adders
  3 gnolls
  An adder skeleton (D:4)
  4 worms
  11 orcs
  11 endoplasms
  6 giant cockroaches
  9 hobgoblins
  3 jackals (D:1)
  2 quokkas
  6 ball pythons
  3 bats
  5 frilled lizards
  5 goblins
  8 kobolds
  6 rats
93 creatures vanquished.

Vanquished Creatures (others)
  An endoplasm (D:4)
  A goblin (D:4)
  A jackal skeleton (D:4)
3 creatures vanquished.

Grand Total: 96 creatures vanquished

Notes
Turn   | Place    | Note
-------+----------+-------------------------------------------
     0 | D:1      | bande the Gargoyle Fighter began the quest for the Orb.
     0 | D:1      | Reached XP level 1. HP: 14/14 MP: 1/1
   221 | D:1      | Reached XP level 2. HP: 19/19 MP: 2/2
   655 | D:1      | Reached XP level 3. HP: 20/24 MP: 3/3
  1231 | D:2      | Found Sattun's One-of-a-Kind Rings.
  1235 | D:2      | Reached XP level 4. HP: 29/29 MP: 4/4
  1465 | D:2      | Found Kemniy's Antique Armour Boutique.
  2139 | D:2      | Reached skill level 4 in Armour
  2976 | D:2      | Reached XP level 5. HP: 33/33 MP: 5/5
  3176 | D:3      | Found a sparkling altar of Nemelex Xobeh.
  4191 | D:4      | Reached skill level 1 in Evocations
  4237 | D:4      | Reached XP level 6. HP: 13/38 MP: 6/6
  4814 | D:4      | Found a white marble altar of Elyvilon.
  5100 | D:4      | Found Tumuk's Weapon Shoppe.
  5120 | D:4      | You fall into a shaft and drop 2 floors!
  5134 | D:6      | Reached skill level 5 in Armour
  5140 | D:6      | Slain by a centaur zombie

Illustrated notes

Levels and vault maps discovered:
D:1:      dpeg_arrival_orchard, layout_basic, minmay_tetromino_o2
D:2:      layout_loops_ring, serial_shops, shop, nicolae_shop_unique_rings,
          nicolae_elevator_lobby_plus
D:3:      layout_basic, nemelex_dance_club_becter, eino_tiny_chamber,
          hangedman_feature_mirror
D:4:      layout_basic, elyvilon_altar_4, serial_shops, shop,
          hangedman_decor_riveting, hex_medium
D:6:      layout_layer_cave

Skill      XL: |  1  2  3  4  5  6 |
---------------+-------------------+-----
Axes           | 2 3 4 |  4.0
Armour         | 4 5 |  5.0
Fighting       | 4 |  4.3
Evocations     | 1 |  1.6
Shields        | |  3.8

Action                   |  1- 3 |  4- 6 || total
-------------------------+-------+-------++-------
Melee: War axe           |    87 |   163 ||   250
       Hand axe          |       |    47 ||    47
  Use: Scroll            |       |     5 ||     5
       Potion            |       |     1 ||     1
Armor: Scale mail        |    19 |       ||    19
       Chain mail        |    34 |   142 ||   176
Dodge: Dodged            |    46 |    87 ||   133
Block: Buckler           |    17 |    40 ||    57

Table legend: (Time is in decaauts)
 A = Elapsed time spent in this place.
 B = Non-inter-level travel time spent in this place.
 C = Inter-level travel time spent in this place.
 D = Time resting spent in this place.
 E = Time spent auto-exploring this place.
 F = Levels seen in this place.
 G = Mean time per level.
                   A        B        C        D        E       F      G
               +--------+--------+--------+--------+--------+-----+--------+
         Total |   5242 |   5213 |     29 |   1498 |   2804 |   5 | 1048.4 |
       Dungeon |   5242 |   5213 |     29 |   1498 |   2804 |   5 | 1048.4 |
               +--------+--------+--------+--------+--------+-----+--------+

Top non-repeatable levels by time:
     D:2: 1690 daAuts
     D:3: 1452 daAuts
     D:4: 1065 daAuts
     D:1: 1011 daAuts
     D:6: 21 daAuts
